 Dungeon Crawl Stone Soup version 0.29.1-15-g9cfb28693d (webtiles) character file.

Game seed: 15649500854507536288

83 protoss039 the Digger (level 4, 33/33 HPs)
             Began as a Demonspawn Earth Elementalist on Mar 2, 2023.
             Got out of the dungeon alive.
             The game lasted 00:02:32 (2824 turns).

protoss039 the Digger (DsEE)                        Turns: 2824, Time: 00:02:32

Health: 33/33      AC:  7    Str:  8    XL:     4   Next: 22%
Magic:  8/8        EV: 11    Int: 18    God:
Gold:   135        SH:  0    Dex: 14    Spells: 2/8 levels left

rFire   . . .      SeeInvis .   g - +2 dagger (speed)
rCold   . . .      Faith    .   (no shield)
rNeg    . . .      Spirit   .   e - +0 leather armour
rPois   .          Reflect  .   m - +0 helmet
rElec   .          Harm     .   (no cloak)
rCorr   +          Rampage  .   (no gloves)
Will    .....                   (no boots)
Stlth   ++........              (no amulet)
HPRegen 0.11/turn               f - ring of resist corrosion
MPRegen 0.11/turn               (no ring)

@: no status effects
A: icy blue scales 2, demonic guardian 1
a: no special abilities


You escaped.
You visited 1 branch of the dungeon, and saw 3 of its levels.

You collected 135 gold pieces.

Inventory:

Hand Weapons
 g - a +2 dagger of speed (weapon)
 l - a +3 short sword
Armour
 e - a +0 leather armour (worn)
 m - a +0 helmet (worn)
Jewellery
 f - a ring of resist corrosion (left hand)
Scrolls
 a - 2 scrolls of noise {unknown}
 i - a scroll of amnesia {unknown}
 n - a scroll of magic mapping {unknown}
 q - 3 scrolls of identify {unknown}
Potions
 b - 2 potions of magic
 c - a potion of degeneration {unknown}
 d - 2 potions of mutation {unknown}
 h - 3 potions of might {unknown}
 j - 2 potions of curing {unknown}
 k - a potion of cancellation {unknown}
 o - a potion of berserk rage {unknown}
 p - a potion of haste {unknown}


   Skills:
 + Level 1.9 Fighting
 - Level 1.7 Dodging
 - Level 1.7 Stealth
 + Level 2.8 Spellcasting
 + Level 0.8 Conjurations
 - Level 0.8 Transmutations
 + Level 3.4 Earth Magic


You had 2 spell levels left.
You knew the following spells:

 Your Spells              Type           Power      Damage    Failure   Level
a - Sandblast             Erth           28%        2d8       6%          1
b - Passwall              Tmut/Erth      8%         N/A       16%         2
c - Stone Arrow           Conj/Erth      20%        3d8       30%         3

Your spell library contained the following spells:

 Spells                   Type           Power      Damage    Failure   Level
 Slow                     Hex            8%         N/A       24%         1
 Static Discharge         Conj/Air       4%         3-4/arc   30%         2
 Confusing Touch          Hex            2%         N/A       58%         3
 Vampiric Draining        Necr           2%         2d6       58%         3
 Petrify                  Tmut/Erth      10%        N/A       69%         4
 Animate Armour           Summ/Erth      16%        N/A       75%         4
 Sticky Flame             Conj/Fire      4%         2d3       90%         4
 Dispel Undead            Necr           2%         3d7       94%         4
 Lehudib's Crystal Spear  Conj/Erth      5%         10d3      100%        8


Dungeon Overview and Level Annotations

Branches:
Dungeon (3/15) Zot: 15202

Altars:
Makhleb


Innate Abilities, Weirdness & Mutations

You are mostly covered in icy blue scales. (AC +3)
A weak demonic guardian rushes to your aid.


Message History

The goblin is heavily wounded.
The goblin hits you but does no damage.
Unknown command.
You hit the goblin but do no damage.
The goblin is heavily wounded.
You hit the goblin.
You kill the goblin!
No target in view!
No target in view!
No target in view!
No target in view!
No target in view!
No target in view!
No target in view!
No target in view!
No target in view!
Things that are here:
a +0 dagger; a goblin corpse; a hobgoblin corpse
Things that are here:
a +0 dagger; a +0 dagger
Items here: )) [[.
r - a +0 helmet
Okay, then.
You drop a +0 helmet.
Things that are here:
a +0 dagger; a +0 dagger
Things that are here:
a +0 dagger; a goblin corpse; a hobgoblin corpse
There is an escape hatch in the ceiling here.
A mysterious force pulls you upwards. The hatch slams shut behind you.
Unknown command.
Unknown command.
There is a stone staircase leading up here.
You climb upwards.
There is a stone staircase leading down here.
Magic restored.
There is a stone staircase leading down here.
There is a staircase leading out of the dungeon here.
Are you sure you want to leave the Dungeon?
This will make you lose the game!
You have escaped!

###....######.#....####..#
......########.....#####.#
.#####...#...#.....#...#.#
.# #.###.⌠.#.....#.⌠.#.#
.# #.###...#.....#...#.#
.# #...#####.....#####.#
.# #..#................#
.# #..#...............##
.# #..........@.......# .#
##.................# .#
###.................# .#
#....#####.....###### .#
#.##.#...#.....#...## .#
#.##.#.⌠.#.....#.⌠.## .#
#.##.#...#.....#...## ##
#.##.#####.....######
###.#...####.###.#..###


There were no monsters in sight!

Vanquished Creatures
  Robin (D:3)
  An adder (D:3)
  4 dart slugs
  4 ball pythons
  7 endoplasms
  3 giant cockroaches
  11 goblins
  4 hobgoblins
  2 jackals (D:2)
  A quokka (D:2)
  5 bats
  4 kobolds
  3 rats
50 creatures vanquished.

Notes
Turn   | Place    | Note
-------+----------+-------------------------------------------
     0 | D:1      | protoss039 the Demonspawn Earth Elementalist began the
                  | quest for the Orb.
     0 | D:1      | Reached XP level 1. HP: 13/13 MP: 3/3
   245 | D:1      | Gained mutation: You are partially covered in icy blue
                  | scales. (AC +2) [demonic ancestry]
   245 | D:1      | Reached XP level 2. HP: 19/20 MP: 5/5
   378 | D:1      | Reached skill level 1 in Fighting
   378 | D:1      | Reached skill level 3 in Earth Magic
   858 | D:1      | Learned a level 2 spell: Passwall
  1145 | D:2      | Gained mutation: You are mostly covered in icy blue scales.
                  | (AC +3) [demonic ancestry]
  1145 | D:2      | Reached XP level 3. HP: 26/26 MP: 4/6
  1335 | D:2      | Found a faded altar of an unknown god.
  2021 | D:2      | Learned a level 3 spell: Stone Arrow
  2324 | D:3      | Found a burning altar of Makhleb.
  2692 | D:3      | Noticed Robin
  2702 | D:3      | Killed Robin
  2703 | D:3      | Gained mutation: A weak demonic guardian rushes to your
                  | aid. [demonic ancestry]
  2703 | D:3      | Reached XP level 4. HP: 30/33 MP: 0/8
  2824 | D:$      | Got out of the dungeon alive.

Illustrated notes

Levels and vault maps discovered:
D:1:      minmay_arrival_glassed_features, layout_loops_ring,
          hangedman_abyss_or_decor_stabs
D:2:      layout_loops_ring, basic_altar, shapermc_ecumenical_altar_mp_vishouse
D:3:      layout_loops_corners, nemelex_dance_club_becter,
          lightli_temple_of_fire, solitary_fountain, uniq_robin

Skill      XL: |  1  2 |
---------------+-------+-----
Fighting       | 1 |  1.9
Earth Magic    | 3 |  3.4
Dodging        | |  1.7
Stealth        | |  1.7
Spellcasting   | |  2.8
Conjurations   | |  0.8
Transmutations | |  0.8

Action                   |  1- 3 |  4- 6 || total
-------------------------+-------+-------++-------
Melee: Dagger            |   101 |    14 ||   115
       Punch             |     2 |       ||     2
 Cast: Sandblast         |    26 |       ||    26
       Passwall          |     2 |       ||     2
 Stab: Sleeping          |     6 |       ||     6
Armor: Robe              |     3 |       ||     3
       Leather armour    |    26 |     4 ||    30
Dodge: Dodged            |    34 |     2 ||    36
